 Dungeon Crawl Stone Soup version 0.30.0-29-ga12c61a403 (webtiles) character file.

Game seed: 13977010382071036465

249 booth the Conjurer (level 5, -1/41 HPs)
             Began as a Demonspawn Reaver on June 25, 2023.
             Was a Follower of Okawaru.
             Killed from afar by an orc wizard (12 damage)
             ... with a puff of flame
             ... on level 3 of the Dungeon.
             The game lasted 00:15:56 (2347 turns).

booth the Conjurer (Demonspawn Reaver)              Turns: 2347, Time: 00:15:57

Health: -1/41      AC:  4    Str: 14    XL:     5   Next: 86%
Magic:  4/9        EV: 14    Int: 14    God:    Okawaru [*.....]
Gold:   110        SH:  5    Dex: 12    Spells: 4/10 levels left

rFire   . . .        a - +0 hand axe
rCold   . . .        c - +0 buckler
rNeg    . . .        b - +1 leather armour
rPois   .            (no helmet)
rElec   .            (no cloak)
rCorr   .            (no gloves)
SInv    .            (no boots)
Will    .....        (no amulet)
Stlth   +++          (no ring)
HPRegen 0.26/turn    (no ring)
MPRegen 0.11/turn

%: no passive effects
@: heroic
A: ignite blood 1, powered by pain 2
a: Renounce Religion, Heroism


You were on level 3 of the Dungeon.
You worshipped Okawaru.
Okawaru was aware of your devotion.
You visited 1 branch of the dungeon, and saw 3 of its levels.

You collected 110 gold pieces.

Inventory:

Hand Weapons
 a - a +0 hand axe (weapon)
Armour
 b - a +1 leather armour (worn)
 c - a +0 buckler (worn)
Scrolls
 d - a scroll of poison
 f - 2 scrolls of fog
 h - a scroll of amnesia
 i - a scroll of fear
 k - a scroll of identify
Potions
 e - a potion of invisibility


   Skills:
 + Level 3.2(8.2) Fighting
 * Level 3.8(8.8) Axes
 + Level 2.8(7.8) Dodging
 + Level 3.0 Spellcasting
 + Level 3.9 Conjurations


You had 4 spell levels left.
You knew the following spells:

 Your Spells              Type           Power      Damage    Failure   Level
a - Kiss of Death         Conj/Necr      28%        2d7       16%         1
b - Momentum Strike       Conj/Tloc      14%        3d8       24%         2
c - Hailstorm             Conj/Ice       7%         3d4       43%         3

Your spell library contained the following spells:

 Spells                   Type           Power      Damage    Failure   Level
 Ensorcelled Hibernation  Hex/Ice        4%         N/A       45%         2
 Passwall                 Tmut/Erth      1%         N/A       45%         2
 Swiftness                Air            2%         N/A       71%         3


Dungeon Overview and Level Annotations

Branches:
Dungeon (3/15)

Altars:
Okawaru


Innate Abilities, Weirdness & Mutations

Your demonic aura sometimes causes spilled blood to erupt in flames.
You sometimes gain power by taking damage.


Message History

The orc wizard completely misses you.
You barely miss the orc wizard.
The orc wizard is almost dead.
The orc wizard hits you but does no damage.
You barely miss the orc wizard.
The orc wizard is almost dead.
The orc wizard hits you with a +0 dagger.
The orc wizard points at you and mumbles some strange words.
You resist with some effort.
Things that are here:
a +0 flail; an orc corpse You miss the orc wizard.
The orc wizard is almost dead.
You feel less confused.
You feel like a meek peon again.
You barely miss the orc wizard.
The orc wizard is almost dead.
You block the orc wizard's attack.
You closely miss the orc wizard.
The orc wizard is almost dead.
The orc wizard closely misses you. You block the orc wizard's attack.
You hit the orc wizard but do no damage.
The orc wizard is almost dead.
The orc wizard points at you and mumbles some strange words.
The magic dart hits you.
You closely miss the orc wizard.
The orc wizard is almost dead.
The orc wizard hits you but does no damage.
You barely miss the orc wizard.
The orc wizard is severely wounded.
The orc wizard casts a spell.
The orc wizard flickers and vanishes!
Deactivating autopickup; reactivate with Ctrl-A.
You gain the combat prowess of a mighty hero.
Something hits you.
* * * LOW HITPOINT WARNING * * *
You miss something.
You hear some strange, mumbled words.
A puff of flame appears from out of thin air!
The puff of flame hits you!
You die...

..........
##.#####
##.####### #.#
#.# #.# #.#
#.# #.# #)#
#.# #.# ..#
#.#########)#
###
##.....{.....#
.......@.....#
##############


There were no monsters in sight!

Vanquished Creatures
  An ogre (D:3)
  A hound (D:3)
  2 orc priests (D:3)
  A gnoll (D:1)
  2 adders (D:2)
  2 orcs (D:3)
  4 ball pythons
  4 endoplasms
  2 giant cockroaches (D:1)
  5 goblins
  4 hobgoblins (D:1)
  2 jackals (D:2)
  2 kobolds
  2 quokkas
  3 bats
  2 frilled lizards
  6 rats
45 creatures vanquished.

Notes
Turn   | Place    | Note
-------+----------+-------------------------------------------
     0 | D:1      | booth the Demonspawn Reaver began the quest for the Orb.
     0 | D:1      | Reached XP level 1. HP: 16/16 MP: 3/3
   129 | D:1      | Gained mutation: You sometimes gain a little power by
                  | taking damage. [demonic ancestry]
   129 | D:1      | Reached XP level 2. HP: 12/22 MP: 3/5
   134 | D:1      | Learned a level 2 spell: Momentum Strike
   577 | D:1      | Gained mutation: Your demonic aura sometimes causes spilled
                  | blood to erupt in flames. [demonic ancestry]
   577 | D:1      | Reached XP level 3. HP: 26/28 MP: 6/6
   581 | D:1      | Learned a level 3 spell: Hailstorm
   984 | D:1      | Found a faded altar of an unknown god.
   988 | D:1      | Prayed at the altar of an unknown god.
   988 | D:1      | Became a worshipper of Warmaster Okawaru
   988 | D:1      | Reached * piety under Okawaru
  1779 | D:3      | Gained mutation: You sometimes gain power by taking damage.
                  | [demonic ancestry]
  1779 | D:3      | Reached XP level 4. HP: 34/34 MP: 7/7
  2034 | D:3      | Noticed an ogre
  2054 | D:3      | Killed an ogre
  2055 | D:3      | Reached XP level 5. HP: 5/41 MP: 7/9
  2347 | D:3      | Killed from afar by an orc wizard

Illustrated notes

Levels and vault maps discovered:
D:1:      dpeg_arrival_tiny_i, layout_basic,
          shapermc_ecumenical_altar_mp_ritualfount
D:2:      layout_loops_ring
D:3:      layout_loops_ring

Skill      XL: |  1  2  3  4  5 |
---------------+----------------+-----
Dodging        | 2 |  2.8
Axes           | 3 |  3.8
Fighting       | 3 |  3.2
Spellcasting   | 3 |  3.0
Conjurations   | |  3.9

Action                     |  1- 3 |  4- 6 || total
---------------------------+-------+-------++-------
  Melee: Hand axe          |   113 |    48 ||   161
   Cast: Kiss of Death     |     1 |     1 ||     2
         Momentum Strike   |       |     2 ||     2
 Invoke: Heroism           |       |     3 ||     3
    Use: Scroll            |     6 |     2 ||     8
         Potion            |       |     2 ||     2
 Armour: Leather armour    |    36 |    10 ||    46
  Dodge: Dodged            |    58 |    25 ||    83
  Block: Buckler           |     9 |     7 ||    16
